AoeStats
← 17_Neo_

Arabia

503175435Analyzed
1v1 RM · 1mo ago on Aug 30, 2026· 49m 48s· 2 players
Game mode
Random Map
Map size
Tiny (2 player)
Population
200
Speed
Normal
Resources
Standard
Victory
Conquest
Starting age
Dark Age
Ending age
Imperial Age
RankedLock teamsTeams togetherTeam positionsShared explorationLock speedFull tech treeHidden civsTurbo modeCheats
Victory
Defeat
🇨🇴 Maya · Colombia
1722
+17
🇩🇪 Armenians · Germany
1738
-17
17_Neo_
0:27 Loom
13:49 Feudal Age
15:24 Double-Bit Axe
17:47 Castle Age
15:44 Horse Collar
16:06 Gold Mining
16:55 Fletching
18:38 Bodkin Arrow
19:09 Padded Archer Armor
20:12 Ballistics
20:21 Leather Archer Armor
22:33 Town Watch
24:47 Wheelbarrow
27:59 Bow Saw
27:52 Heavy Plow
29:47 Hand Cart
34:10 Imperial Age
32:18 Scale Mail Armor
32:28 Forging
32:41 Pikeman
33:21 Squires
33:38 Chain Mail Armor
33:22 Elite Skirmisher
34:08 Thumb Ring
35:20 Bracer
35:34 Capped Ram
36:59 Plate Mail Armor
37:05 Iron Casting
36:42 Halberdier
37:24 Siege Ram
38:44 Plate Mail Armor
39:33 Crossbowman
41:53 Chemistry
41:32 Arbalester
43:15 Ring Archer Armor
44:42 Iron Casting
44:58 Hul'che Javelineers
46:46 Town Patrol
48:37 Stone Mining
48:28 Elite Plumed Archer
Shania Twain
6:25 Loom
6:45 Loom
9:09 Feudal Age
10:41 Wheelbarrow
12:00 Double-Bit Axe
18:03 Castle Age
15:56 Horse Collar
17:06 Gold Mining
17:25 Fletching
18:26 Bloodlines
18:26 Scale Barding Armor
22:45 Fervor
22:52 Bow Saw
24:09 Town Watch
31:39 Imperial Age
30:20 Chain Barding Armor
31:20 Ballistics
33:05 Forging
34:34 Chemistry
35:20 Stone Mining
36:46 Conscription
36:45 Heavy Plow
36:24 Man-at-Arms
36:49 Gambesons
37:05 Squires
37:25 Long Swordsman
38:05 Scale Mail Armor
38:00 Two-Handed Swordsman
39:16 Iron Casting
40:26 Chain Mail Armor
41:36 Blast Furnace
41:08 Fereters
42:18 Fletching
42:56 Hand Cart
42:20 Champion
43:33 Elite Skirmisher
44:09 Bodkin Arrow
44:15 Padded Archer Armor
45:18 Bracer
46:32 Leather Archer Armor
47:15 Plate Mail Armor
47:55 Ring Archer Armor
Connection lost

Rejoining the realm…

Still unreachable

The connection could not be restored.

Session expired

The server has moved on; the page needs a fresh start.